 Dungeon Sprint DCSS version 0.30-a0-738-g116ff8c4af (webtiles) character file.

Game seed: 2964221978992869674

266 sircluck the Spear-Bearer (level 6, -5/53 HPs)
             Began as a Gnoll Reaver on Feb 3, 2023.
             Slain by a slime creature (19 damage)
             ... in the Dungeon (Sprint I: "Red Sonja").
             The game lasted 00:02:22 (308 turns).

sircluck the Spear-Bearer (Gnoll Reaver)             Turns: 308, Time: 00:02:23

Health: -5/53      AC:  3    Str: 14    XL:     6   Next: 20%
Magic:  15/15      EV: 13    Int: 12    God:
Gold:   162        SH:  0    Dex: 10    Spells: 17/18 levels left

rFire   . . .      SeeInvis .    a - +0 spear
rCold   . . .      Faith    .    (no shield)
rNeg    . . .      Spirit   .    b - +0 leather armour
rPois   .          Reflect  .    (no helmet)
rElec   .          Harm     .    (no cloak)
rCorr   .          Rampage  .    (no gloves)
Will    .....      NoTele   +    (no boots)
Stlth   ++                       (no amulet)
HPRegen 0.28/turn                (no ring)
MPRegen 0.14/turn                (no ring)

@: no status effects
A: fangs 1, strong nose, distributed training
a: no special abilities


You were in the Dungeon.
You visited 1 branch You collected 162 gold pieces.

Inventory:

Hand Weapons
 a - a +0 spear (weapon)
 j - a +1 dagger of freezing
 m - a +0 scythe
Armour
 b - a +0 leather armour (worn)
 k - a +0 leather armour
Wands
 i - a wand of flame (6)
 l - a wand of polymorph (5)
Scrolls
 h - a scroll of blinking
Potions
 c - a potion of curing
 d - a potion of heal wounds
 e - a potion of haste
 f - 2 potions of magic
 g - a potion of berserk rage


   Skills:
 + Level 6.4 Fighting
 + Level 4.4 Short Blades
 + Level 4.4 Long Blades
 + Level 4.4 Axes
 + Level 4.4 Maces & Flails
 + Level 8.0 Polearms
 + Level 4.4 Staves
 + Level 4.4 Ranged Weapons
 + Level 4.4 Throwing
 + Level 4.4 Armour
 + Level 6.4 Dodging
 + Level 4.4 Stealth
 + Level 4.4 Shields
 + Level 4.4 Unarmed Combat
 + Level 6.7 Spellcasting
 + Level 6.6 Conjurations
 + Level 3.6 Hexes
 + Level 3.6 Summonings
 + Level 3.6 Necromancy
 + Level 3.6 Translocations
 + Level 3.6 Transmutations
 + Level 3.6 Fire Magic
 + Level 3.6 Ice Magic
 + Level 3.6 Air Magic
 + Level 3.6 Earth Magic
 + Level 3.6 Poison Magic
 + Level 4.9 Invocations
 + Level 4.4 Evocations


You had 17 spell levels left.
You knew the following spells:

 Your Spells              Type           Power      Damage    Failure   Level
a - Kiss of Death         Conj/Necr      64%        2d10      2%          1

Your spell library contained the following spells:

 Spells                   Type           Power      Damage    Failure   Level
 Momentum Strike          Conj/Tloc      32%        3d8       3%          2
 Hailstorm                Conj/Ice       16%        3d6       8%          3


Dungeon Overview and Level Annotations

Branches:
Dungeon (1/1)

Altars:
Makhleb
Xom
Jiyva
Lugonu


Innate Abilities, Weirdness & Mutations

You have very sharp teeth.
Your uncanny sense of smell can sniff out nearby items.
Your experience applies equally to all skills.


Message History

You now have 135 gold pieces (gained 27).
You now have 162 gold pieces (gained 27).
You open the door.
A slime creature comes into view.
Found four altars.
There is an open door here.
The helpless slime creature fails to defend itself.
You puncture the slime creature!
You bite the slime creature, but do no damage.
The slime creature is lightly wounded.
The slime creature hits you.
You completely miss the slime creature.
The slime creature is lightly wounded.
The slime creature hits you!
You barely miss the slime creature.
The slime creature is lightly wounded.
You hit the slime creature.
The slime creature is lightly wounded.
The slime creature hits you!
You barely miss the slime creature.
The slime creature is lightly wounded.
The slime creature hits you!
You hit the slime creature but do no damage.
The slime creature is lightly wounded.
Aiming: Throw Flame
Press: ? - help, Q - select action, (/) - cycle Shift-Dir - straight line, f - slime creature
Aim: a slime creature (lightly wounded, 94% to hit)
The puff of flame hits the slime creature.
The slime creature is moderately wounded.
The slime creature misses you.
There is an open door here.
You hit the slime creature but do no damage.
The slime creature is moderately wounded.
The slime creature hits you.
* * * LOW HITPOINT WARNING * * *
You hit the slime creature but do no damage.
You bite the slime creature.
The slime creature is moderately wounded.
The slime creature hits you!!
You die...

###################
#<.#..)..#..'..#__#∆∆
#..'†.#..'..#.@J..+∆∆
#..#####'#####+#__#
#.[# #..#∆∆∆ ∆####∆∆
#..# ####∆∆ ∆ ∆∆ #..#
#⌠⌠# ∆∆ #### ∆∆ ∆
∆∆∆∆


You could see a slime creature.

Vanquished Creatures
  Sigmund (D)
  An ogre (D)
  Ijyb (D)
3 creatures vanquished.

Notes
Turn   | Place    | Note
-------+----------+-------------------------------------------
     0 | D        | sircluck the Gnoll Reaver began the quest for the Orb.
     0 | D        | Reached XP level 1. HP: 20/20 MP: 6/6
     2 | D        | Noticed Ijyb
     7 | D        | Killed Ijyb
     8 | D        | Reached skill level 1 in Short Blades
     8 | D        | Reached skill level 1 in Long Blades
     8 | D        | Reached skill level 1 in Axes
     8 | D        | Reached skill level 1 in Maces & Flails
     8 | D        | Reached skill level 1 in Staves
     8 | D        | Reached skill level 1 in Ranged Weapons
     8 | D        | Reached skill level 1 in Throwing
     8 | D        | Reached skill level 1 in Armour
     8 | D        | Reached skill level 1 in Stealth
     8 | D        | Reached skill level 1 in Shields
     8 | D        | Reached skill level 1 in Unarmed Combat
     8 | D        | Reached skill level 5 in Spellcasting
     8 | D        | Reached skill level 1 in Hexes
     8 | D        | Reached skill level 1 in Summonings
     8 | D        | Reached skill level 1 in Necromancy
     8 | D        | Reached skill level 1 in Translocations
     8 | D        | Reached skill level 1 in Transmutations
     8 | D        | Reached skill level 1 in Fire Magic
     8 | D        | Reached skill level 1 in Ice Magic
     8 | D        | Reached skill level 1 in Air Magic
     8 | D        | Reached skill level 1 in Earth Magic
     8 | D        | Reached skill level 1 in Poison Magic
     8 | D        | Reached skill level 1 in Evocations
     8 | D        | Reached XP level 2. HP: 4/26 MP: 5/8
     8 | D        | Reached XP level 3. HP: 5/32 MP: 5/9
   115 | D        | Noticed an ogre
   124 | D        | Killed an ogre
   125 | D        | Reached skill level 5 in Fighting
   125 | D        | Reached skill level 7 in Polearms
   125 | D        | Reached skill level 5 in Dodging
   125 | D        | Reached XP level 4. HP: 39/39 MP: 10/12
   138 | D        | Noticed Sigmund
   171 | D        | Killed Sigmund
   172 | D        | Reached skill level 8 in Polearms
   172 | D        | Reached XP level 5. HP: 20/47 MP: 14/14
   172 | D        | Reached XP level 6. HP: 22/53 MP: 15/15
   295 | D        | Found a burning altar of Makhleb.
   295 | D        | Found a viscous altar of Jiyva.
   295 | D        | Found a shimmering altar of Xom.
   295 | D        | Found a corrupted altar of Lugonu.
   295 | D        | Noticed a slime creature
   308 | D        | Slain by a slime creature

Illustrated notes

Levels and vault maps discovered:
D:        dungeon_sprint_1 [red_sonja_temple_1, red_sonja_temple_small_1]

Skill      XL: |  1  2  3  4 |
---------------+-------------+-----
Short Blades   | 1 3 4 |  4.4
Long Blades    | 1 3 4 |  4.4
Axes           | 1 3 4 |  4.4
Maces & Flails | 1 3 4 |  4.4
Staves         | 1 3 4 |  4.4
Ranged Weapons | 1 3 4 |  4.4
Throwing       | 1 3 4 |  4.4
Armour         | 1 3 4 |  4.4
Stealth        | 1 3 4 |  4.4
Shields        | 1 3 4 |  4.4
Unarmed Combat | 1 3 4 |  4.4
Spellcasting   | 5 6 |  6.7
Hexes          | 1 2 3 |  3.6
Summonings     | 1 2 3 |  3.6
Necromancy     | 1 2 3 |  3.6
Translocations | 1 2 3 |  3.6
Transmutations | 1 2 3 |  3.6
Fire Magic     | 1 2 3 |  3.6
Ice Magic      | 1 2 3 |  3.6
Air Magic      | 1 2 3 |  3.6
Earth Magic    | 1 2 3 |  3.6
Poison Magic   | 1 2 3 |  3.6
Invocations    | 2 3 4 |  4.9
Evocations     | 1 3 4 |  4.4
Fighting       | 5 6 |  6.4
Polearms       | 7 8 |  8.0
Dodging        | 5 6 |  6.4
Conjurations   | 6 |  6.6

Action                     |  1- 3 |  4- 6 || total
---------------------------+-------+-------++-------
  Melee: Spear             |    10 |     8 ||    18
         Bite              |     3 |     2 ||     5
         Unarmed           |       |     9 ||     9
   Cast: Kiss of Death     |     2 |       ||     2
  Evoke: Wand              |     1 |     4 ||     5
   Stab: Sleeping          |       |     1 ||     1
  Dodge: Dodged            |     4 |     6 ||    10

Table legend: (Time is in decaauts)
 A = Elapsed time spent in this place.
 B = Non-inter-level travel time spent in this place.
 C = Inter-level travel time spent in this place.
 D = Time resting spent in this place.
 E = Time spent auto-exploring this place.
 F = Levels seen in this place.
 G = Mean time per level.
                   A        B        C        D        E       F      G
               +--------+--------+--------+--------+--------+-----+--------+
         Total |    298 |    298 |      0 |    102 |      0 |   1 |  298.0 |
       Dungeon |    298 |    298 |      0 |    102 |      0 |   1 |  298.0 |
               +--------+--------+--------+--------+--------+-----+--------+

Top non-repeatable levels by time:
       D: 298 daAuts
